 Dungeon Crawl Stone Soup version 0.29-a0-757-g358383bc75 (webtiles) character file.

Game seed: 8486152353460864137

56 purpskrrrp the Chopper (level 3, -1/34 HPs)
             Began as a Hill Orc Monk on June 30, 2022.
             Succumbed to a scorpion's poison
             ... on level 4 of the Dungeon.
             The game lasted 00:05:22 (1675 turns).

purpskrrrp the Chopper (Hill Orc Monk)              Turns: 1675, Time: 00:05:23

Health: -1/34      AC:  3    Str: 15    XL:     3   Next: 97%
Magic:  3/3        EV: 12    Int: 10    God:
Gold:   62         SH:  0    Dex: 13    Spells: 2/2 levels left

rFire   . . .      SeeInvis .   a - +0 hand axe
rCold   . . .      Faith    .   (no shield)
rNeg    . . .      Spirit   .   b - +0 robe
rPois   .          Reflect  .   (no helmet)
rElec   .          Harm     .   (no cloak)
rCorr   .          Rampage  .   f - +0 pair of gloves
Will    .....                   (no boots)
Stlth   ++........              (no amulet)
HPRegen 0.11/turn               (no ring)
MPRegen 0.08/turn               (no ring)

@: lethally poisoned (-1 -> -15)
A: no striking features
a: no special abilities


You were on level 4 of the Dungeon.
You visited 1 branch of the dungeon, and saw 3 of its levels.

You collected 62 gold pieces.

Inventory:

Hand Weapons
 a - a +0 hand axe (weapon)
 l - a +3 short sword
Armour
 b - a +0 robe (worn)
 f - a +0 pair of gloves (worn)
Wands
 k - a wand of light (9)
Scrolls
 e - a scroll of amnesia {unknown}
 g - a scroll of teleportation {unknown}
Potions
 c - a potion of ambrosia
 d - 2 potions of curing {unknown}
 h - a potion of haste {unknown}
 i - 2 potions of brilliance {unknown}
 j - a potion of berserk rage {unknown}


   Skills:
 + Level 4.3 Fighting
 * Level 5.1 Axes
 + Level 2.7 Dodging
 + Level 1.8 Stealth


You had 2 spell levels left.
You didn't know any spells.
Your spell library was empty.

Dungeon Overview and Level Annotations

Branches:
Dungeon (2/15)

Altars:


Message History

The hobgoblin misses you.
You hit the hobgoblin.
You kill the hobgoblin!
You hit the goblin.
You kill the goblin!
You hit the dart slug.
The dart slug is moderately wounded.
The dart slug bites you.
You hit the dart slug.
The dart slug is severely wounded.
You slash the dart slug!
You kill the dart slug!
You hit the scorpion but do no damage. The scorpion barely misses you.
You closely miss the scorpion. The scorpion barely misses you.
The scorpion stings you.
You hit the scorpion.
The scorpion is lightly wounded.
The scorpion barely misses you.
You hit the scorpion but do no damage.
The scorpion is lightly wounded.
The scorpion stings you.
You hit the scorpion but do no damage.
The scorpion is lightly wounded.
The scorpion stings you.
You barely miss the scorpion.
The scorpion is lightly wounded.
The scorpion stings you. x2
You see here a +0 club.
The scorpion closely misses you. The scorpion attacks as you move away!
The scorpion stings you.
You are poisoned.
The scorpion poisons you!
You feel sick.
You feel sick. The scorpion attacks as you move away! The scorpion stings you.
* * * LOW HITPOINT WARNING * * *
You are lethally poisoned!
The scorpion poisons you!
* * * LOW HITPOINT WARNING * * *
You feel very sick.
You die...

#### ... #.... ...##.. #..
#...# ##.... #... #...#
#....#############
..##...#
#.##.............. .
.....####.....########....
... #.............## #....
.....####..##........).#
####(
......†.).....s.@......#
######†
....#####.#............#
#....#. .
..g...#..............#
#......
###.........÷......#
#.....#
#.....###.........##
#.....# #.###.#
##.........# #.....# ..
#.# #.........# #.....# ..
... #.........#######..# .
##..# #............. #..#


You could see a scorpion.

Vanquished Creatures
  2 adders (D:4)
  A dart slug (D:4)
  3 ball pythons
  5 bats (D:1)
  3 endoplasms (D:1)
  4 giant cockroaches (D:1)
  4 goblins
  4 hobgoblins
  2 quokkas
  A kobold (D:1)
  3 rats
32 creatures vanquished.

Vanquished Creatures (others)
  A plant (D:4)
1 creature vanquished.

Grand Total: 33 creatures vanquished

Notes
Turn   | Place    | Note
-------+----------+-------------------------------------------
     0 | D:1      | purpskrrrp the Hill Orc Monk began the quest for the Orb.
     0 | D:1      | Reached XP level 1. HP: 19/19 MP: 1/1
   220 | D:1      | Reached XP level 2. HP: 24/27 MP: 2/2
   707 | D:1      | Found a faded altar of an unknown god.
   780 | D:1      | Reached XP level 3. HP: 31/33 MP: 3/3
  1082 | D:1      | You fall into a shaft and drop 1 floor!
  1120 | D:2      | You fall into a shaft and drop 2 floors!
  1440 | D:4      | Reached skill level 5 in Axes
  1652 | D:4      | Noticed a scorpion
  1675 | D:4      | Succumbed to a scorpion's poison

Illustrated notes

Levels and vault maps discovered:
D:1:      lightli_molten_gateway, layout_loops_ring,
          ebering_ecumenical_altar_hall
D:2:      layout_loops_ring
D:4:      layout_rooms, mainiacjoe_overflow_alcove_2,
          gammafunk_temple_overflow_forgotten, guppyfry_early_orc_mine

Skill      XL: |  1  2  3 |
---------------+----------+-----
Fighting       | 4 |  4.3
Axes           | 5 |  5.1
Dodging        | |  2.7
Stealth        | |  1.8

Action                   || total
-------------------------++-------
Melee: Hand axe          ||   118
 Stab: Sleeping          ||     4
Armor: Robe              ||    32
Dodge: Dodged            ||    96

Table legend: (Time is in decaauts)
 A = Elapsed time spent in this place.
 B = Non-inter-level travel time spent in this place.
 C = Inter-level travel time spent in this place.
 D = Time resting spent in this place.
 E = Time spent auto-exploring this place.
 F = Levels seen in this place.
 G = Mean time per level.
                   A        B        C        D        E       F      G
               +--------+--------+--------+--------+--------+-----+--------+
         Total |   1683 |   1644 |     39 |    100 |   1220 |   3 |  561.0 |
       Dungeon |   1683 |   1644 |     39 |    100 |   1220 |   3 |  561.0 |
               +--------+--------+--------+--------+--------+-----+--------+

Top non-repeatable levels by time:
     D:1: 1088 daAuts
     D:4: 557 daAuts
     D:2: 38 daAuts
